 Dungeon Crawl Stone Soup version 0.20.1-1-g8b1a95d (webtiles) character file.

117 Linguinho the Shield-Bearer (level 5, -2/33 HPs)
             Began as a Gargoyle Fighter on Oct 30, 2017.
             Slain by a gnoll
             ... wielding a +0 halberd
              (9 damage)
             ... on level 2 of the Dungeon.
             The game lasted 00:03:41 (1766 turns).

Linguinho the Shield-Bearer (Gargoyle Fighter)      Turns: 1766, Time: 00:03:42

Health: -2/33      AC: 11    Str: 20    XL:     5   Next: 1%
Magic:  5/5        EV:  7    Int:  9    God:
Gold:   86         SH:  9    Dex:  9    Spells: 4/4 levels left

rFire    . . .     SeeInvis .   a - +0 long sword
rCold    . . .     Gourm    .   c - +0 shield
rNeg     + . .     Faith    .   b - +0 scale mail
rPois    ∞         Spirit   .   (no helmet)
rElec    +         Reflect  .   (no cloak)
rCorr    .         Harm     .   (no gloves)
MR       .....                  (no boots)
Stlth    ..........             (no amulet)
Regen    0.2/turn               (no ring)
MPRegen  0.1/turn               (no ring)

@: no status effects
A: negative energy resistance 1, electricity resistance, unbreathing,
petrification resistance, rot immunity, AC +4
a: no special abilities


You were on level 2 of the Dungeon.
You were not hungry.

You visited 1 branch of the dungeon, and saw 2 of its levels.

You collected 86 gold pieces.

Inventory:

Hand Weapons
 a - a +0 long sword (weapon)
Armour
 b - a +0 scale mail (worn)
 c - a +0 shield (worn)
Jewellery
 e - an uncursed ring of protection from magic {unknown}
 l - an uncursed ring of flight {unknown}
Scrolls
 g - a scroll of enchant armour {unknown}
 i - 2 scrolls of identify {unknown}
 o - a scroll of teleportation {unknown}
 q - a scroll of immolation {unknown}
Potions
 d - a potion of might
 j - a potion of heal wounds {unknown}
 k - a potion of agility {unknown}
 n - a potion of berserk rage {unknown}
Comestibles
 f - 3 bread rations
 h - 6 fruits
 m - 3 chunks of flesh
 p - a meat ration


   Skills:
 + Level 3.8 Fighting
 + Level 3.0 Long Blades
 + Level 3.7 Armour
 + Level 0.5 Dodging
 + Level 4.3 Shields


You had 4 spell levels left.
You didn't know any spells.

Dungeon Overview and Level Annotations

Branches:
Dungeon (2/15)

Altars:
Fedhas


Innate Abilities, Weirdness & Mutations

You are resistant to torment.
Your stone body is resilient. (AC +4)
You are immune to poison.
You resist negative energy. (rN+)
You are resistant to electric shocks. (rElec)
You can survive without breathing.
You are immune to petrification.
You are immune to rotting.


Message History

The gnoll hits you with a halberd! You block the gnoll's attack.
You see here a flail.
You slash the gnoll!
The gnoll is severely wounded.
You block the gnoll's attack. The gnoll hits you with a halberd.
The gnoll hits you but does no damage. x2
You completely miss the gnoll.
The gnoll is severely wounded.
The gnoll hits you with a halberd.
The gnoll hits you but does no damage. x2
You closely miss the gnoll.
The gnoll is severely wounded.
You block the gnoll's attack. The gnoll hits you but does no damage.
The gnoll hits you with a spear.
* * * LOW HITPOINT WARNING * * *
You slash the gnoll!
You kill the gnoll!
Your Long Blades skill increases to level 3!
You have reached level 5!
The gnoll hits you with a halberd!
You die...

#.........##
#####.####..........##
#....(...#...........#
#........#............
#........#..<......#..
#....... #.........###
##....g. ##........###
#....g)## #...........
#..#>@.####........###
########.##..............#
#.........#..#...........#
#..............##........#
#..........###..#........#
#....................>......
#.........##.............###
#.........######<........#
########### #...#####.#


You could see 2 gnolls.

Vanquished Creatures
  2 gnolls (D:2)
  2 adders (D:2)
  3 worms (D:2)
  4 dart slugs
  3 leopard geckos
  A giant cockroach (D:2)
  11 goblins
  10 hobgoblins
  8 kobolds
  2 quokkas (D:2)
  A ball python (D:2)
  5 bats
  3 frilled lizards
  A rat (D:2)
56 creatures vanquished.

Notes
Turn   | Place    | Note
-------+----------+-------------------------------------------
     0 | D:1      | Linguinho the Gargoyle Fighter began the quest for the Orb.
     0 | D:1      | Reached XP level 1. HP: 14/14 MP: 1/1
   313 | D:1      | Reached XP level 2. HP: 17/19 MP: 2/2
   461 | D:1      | Reached XP level 3. HP: 22/23 MP: 3/3
   861 | D:1      | Reached skill level 4 in Shields
  1022 | D:2      | Reached XP level 4. HP: 14/28 MP: 4/4
  1178 | D:2      | HP: 1/29 [worm (2)]
  1203 | D:2      | Found a blossoming altar of Fedhas.
  1766 | D:2      | Reached XP level 5. HP: 7/33 MP: 5/5
  1766 | D:2      | Slain by a gnoll

Skill      XL: |  1  2  3  4 |
---------------+-------------+-----
Long Blades    | 2 3 |  3.0
Shields        | 4 |  4.3
Fighting       | |  3.8
Armour         | |  3.7
Dodging        | |  0.5

Action                   |  1- 3 |  4- 6 || total
-------------------------+-------+-------++-------
Melee: Long sword        |   124 |    82 ||   206
  Eat: Chunk             |       |     3 ||     3
Armor: Scale mail        |    89 |    41 ||   130
Dodge: Dodged            |    71 |    24 ||    95
Block: Shield            |   105 |    32 ||   137
       Rpst.: Long sword |    21 |    11 ||    32
